 Dungeon Crawl Stone Soup version 0.25.1-2-g60ff931df9 (webtiles) character file.

Game seed: 806398271360858291

119 Arcadio the Gusty (level 4, -3/34 HPs)
             Began as a Draconian Air Elementalist on Nov 20, 2020.
             Slain by Grinder (6 damage)
             ... while paralysed by Grinder
             ... on level 3 of the Dungeon.
             The game lasted 00:17:37 (3051 turns).

Arcadio the Gusty (Draconian Air Elementalist)      Turns: 3051, Time: 00:17:38

Health: -3/34      AC:  5    Str: 10    XL:     4   Next: 74%
Magic:  4/7        EV:  2    Int: 17    God:
Gold:   47         SH:  0    Dex: 11    Spells: 1/7 levels left

rFire    . . .     SeeInvis .   e - +1 short sword
rCold    . . .     Gourm    .   (no shield)
rNeg     . . .     Faith    .   (armour unavailable)
rPois    .         Spirit   .   (helmet restricted)
rElec    .         Reflect  .   (no cloak)
rCorr    .         Harm     .   (no gloves)
MR       .....                  (no boots)
Stlth    ++........             (no amulet)
HPRegen  0.11/turn              (no ring)
MPRegen  0.10/turn              (no ring)

@: paralysed
A: unfitting armour, cold-blooded, AC +5
a: no special abilities


You were on level 3 of the Dungeon.
You were hungry.

You visited 1 branch of the dungeon, and saw 3 of its levels.

You collected 47 gold pieces.

Inventory:

Hand Weapons
 e - a +1 short sword (weapon)
Missiles
 d - 115 stones (quivered)
Jewellery
 f - an uncursed ring of magical power {unknown}
Scrolls
 a - a scroll of fear
 k - a scroll of teleportation
Potions
 c - a potion of heal wounds {unknown}
 h - a potion of brilliance {unknown}
 i - a potion of flight {unknown}
 j - a potion of resistance {unknown}
Comestibles
 b - 4 rations


   Skills:
 + Level 0.7 Fighting
 + Level 1.4 Short Blades
 + Level 2.2 Dodging
 + Level 2.6 Stealth
 + Level 2.3 Spellcasting
 + Level 1.4 Conjurations
 + Level 3.9 Air Magic


You had one spell level left.
You knew the following spells:

 Your Spells              Type           Power        Failure   Level  Hunger
a - Shock                 Conj/Air       ##..         6%          1    #......
b - Swiftness             Chrm/Air       #.......     12%         2    ##.....
c - Static Discharge      Conj/Air       ##......     19%         3    ###....

Your spell library contained the following spells:

 Spells                   Type           Power        Failure   Level  Hunger
 Airstrike                Air            ###.......   36%         4    #####..
 Lightning Bolt           Conj/Air       ##........   86%         5    ######.


Dungeon Overview and Level Annotations

Branches:
Dungeon (3/15)

Altars:
Okawaru

Annotations:
D:3 Grinder


Innate Abilities, Weirdness & Mutations

Your plain brown scales are hard. (AC +5)
You cannot fit into any form of body armour.
You are cold-blooded and may be slowed by cold attacks.


Message History

Aiming: Shock (safe; 6% risk of failure)
Press: ? - help, Shift-Dir - straight line, f/p - Grinder
Aim: Grinder (moderately wounded) That beam is likely to hit you.
Continue anyway? [Y]es or [N]o only, please.
That beam is likely to hit you.
Continue anyway?
Okay, then.
Unknown command.
You see here 11 gold pieces.
Grinder gestures at you.
You suddenly lose the ability to move!
Grinder blinks!
Grinder hits you.
Grinder says, "Tell me all your secrets, or I'll kill you."
Grinder gestures at you. You resist with significant effort. Grinder hits you!
* * * LOW HITPOINT WARNING * * *
You writhe in agony.
You die...

.# #.♣ ##.##.#
#..#.##
#####.#.⌠.
#......#
#......## #
#...$##.## .#
##.#.###.##.# .
#...@##...#..#.
#..5..#......$.
#.....<>†......
#.....#.......#
#(..(..........
########.....#.
.....# ##.###
.#


You could see Grinder.

Vanquished Creatures
  Natasha (D:2)
  A gnoll (D:1)
  An adder (D:2)
  4 worms (D:2)
  4 dart slugs
  5 leopard geckos
  2 ball pythons
  3 giant cockroaches
  A goblin (D:1)
  7 hobgoblins
  2 jackals (D:1)
  4 bats (D:1)
  4 frilled lizards
  8 kobolds
  9 rats
56 creatures vanquished.

Notes
Turn   | Place    | Note
-------+----------+-------------------------------------------
     0 | D:1      | Arcadio the Draconian Air Elementalist began the quest for
                  | the Orb.
     0 | D:1      | Reached XP level 1. HP: 14/14 MP: 3/3
   305 | D:1      | Reached XP level 2. HP: 20/20 MP: 5/5
   843 | D:1      | Reached XP level 3. HP: 26/26 MP: 0/6
  1900 | D:2      | Reached skill level 1 in Short Blades
  1900 | D:2      | Reached XP level 4. HP: 34/34 MP: 3/7
  2444 | D:2      | Found an iron altar of Okawaru.
  2532 | D:2      | Learned a level 2 spell: Swiftness
  2613 | D:2      | Noticed Natasha
  2623 | D:2      | Killed Natasha
  3020 | D:3      | Noticed Grinder
  3031 | D:3      | Learned a level 3 spell: Static Discharge
  3038 | D:3      | Paralysed by Grinder for 3 turns
  3045 | D:3      | Paralysed by Grinder for 7 turns
  3051 | D:3      | Slain by Grinder

Illustrated notes

Levels and vault maps discovered:
D:1:      dpeg_arrival_central, layout_loops_corners, minmay_bisected
D:2:      layout_loops_ring, okawaru_gym_becter, uniq_natasha
D:3:      layout_loops_ring, lemuel_crystal_altar, lemuel_doored_altar,
          elyvilon_altar_3, tgw_trog, first_ration, grunt_decor_mini_mirrors,
          st_stairs_14, uniq_grinder

Skill      XL: |  1  2  3 |
---------------+----------+-----
Stealth        | 2 |  2.6
Dodging        | 2 |  2.2
Short Blades   | 1 |  1.4
Fighting       | |  0.7
Spellcasting   | |  2.3
Conjurations   | |  1.4
Air Magic      | |  3.9

Action                   |  1- 3 |  4- 6 || total
-------------------------+-------+-------++-------
Melee: Short sword       |    77 |    56 ||   133
       Unarmed           |     2 |       ||     2
       Tailslap          |     9 |     7 ||    16
Throw: Stone             |     4 |       ||     4
 Cast: Shock             |    33 |    18 ||    51
  Use: Scroll            |     5 |     1 ||     6
 Stab: Sleeping          |     7 |       ||     7
       Distracted        |     1 |       ||     1
  Eat: Chunk             |     4 |     3 ||     7
Armor: Skin              |    19 |     7 ||    26
Dodge: Dodged            |    67 |    28 ||    95
